AoeStats
← [MGG] Galo

MegaRandom

506328153Analyzed
1v1 RM · 19d ago on Sep 13, 2026· 24m 22s· 2 players
Game mode
Random Map
Map size
Tiny (2 player)
Population
200
Speed
Normal
Resources
Standard
Victory
Conquest
Starting age
Dark Age
Ending age
Imperial Age
RankedLock teamsTeams togetherTeam positionsShared explorationLock speedFull tech treeHidden civsTurbo modeCheats
Victory
Defeat
🇦🇷 Magyars · Argentina
1129
+27
🇩🇪 Japanese · Germany
1105
-15
timme.vogts
7:22 Loom
9:45 Feudal Age
10:23 Double-Bit Axe
10:34 Horse Collar
10:52 Loom
17:37 Castle Age
17:35 Stone Mining
23:07 Wheelbarrow
[MGG] Galo
8:23 Loom
11:21 Feudal Age
15:10 Castle Age
Connection lost

Rejoining the realm…

Still unreachable

The connection could not be restored.

Session expired

The server has moved on; the page needs a fresh start.